 Dungeon Sprint DCSS version 0.21-a0-264-g3e31e41 (webtiles) character file.

7 Kidiri the Sneak (level 1, 0/9 HPs)
             Began as a Spriggan Enchanter on Sept 8, 2017.
             Slain by a worm (9 damage)
             ... in the Dungeon (Sprint II: "The Violet Keep of Menkaure").
             The game lasted 00:00:29 (179 turns).

Kidiri the Sneak (Spriggan Enchanter)                Turns: 179, Time: 00:00:30

Health: 0/9        AC:  2    Str:  4    XL:     1   Next: 83%
Magic:  4/5        EV: 19    Int: 16    God:
Gold:   0          SH:  0    Dex: 16    Spells: 5/6 levels left

rFire    . . .     SeeInvis +   a - +1 dagger
rCold    . . .     Gourm    .   (shield restricted)
rNeg     . . .     Faith    .   b - +0 robe
rPois    .         Spirit   .   (helmet restricted)
rElec    .         Reflect  .   (no cloak)
rCorr    .         Harm     .   (gloves unavailable)
MR       .....     NoTele   +   (boots unavailable)
Stlth    +++.......             (no amulet)
HPRegen  0.03/turn              (no ring)
MPRegen  0.09/turn              (no ring)

@: very quick
A: unfitting armour, see invisible, herbivore 3, speed 3, slow metabolism 2
a: no special abilities


You were in the Dungeon.
You were not hungry.

You visited 1 branch

Inventory:

Hand Weapons
 a - a +1 dagger (weapon)
Armour
 b - a +0 robe (worn)
Scrolls
 j - a scroll of blinking
Potions
 e - a potion of curing
 f - a potion of heal wounds
 g - a potion of haste
 h - 2 potions of magic
 i - a potion of berserk rage
Books
 c - a book of Maledictions

   Spells                             Type                      Level
   a - Corona                         Hexes                        1
   b - Ensorcelled Hibernation        Hexes/Ice                    2
   c - Confuse                        Hexes                        3
   d - Tukima's Dance                 Hexes                        3
   e - Dazzling Spray                 Conjuration/Hexes            3
Comestibles
 d - a bread ration


   Skills:
 + Level 0.5 Fighting
 * Level 1.9 Short Blades
 + Level 0.3 Armour
 * Level 3.7 Dodging
 * Level 5.2 Stealth
 * Level 3.3 Spellcasting
 + Level 3.8 Hexes


You had 5 spell levels left.
You knew the following spells:

 Your Spells              Type           Power        Failure   Level  Hunger
a - Corona                Hex            ##.....      3%          1    None


Dungeon Overview and Level Annotations

Branches:
Dungeon (1/1)

Altars:


Innate Abilities, Weirdness & Mutations

You are very small and have problems with some larger weapons.
You are too small for most types of armour.
You have supernaturally acute eyesight. (SInv)
You are a herbivore.
You cover ground extremely quickly.
You need consume almost no food.


Message History

Press: ? - help, Shift-Dir - straight line, f - worm
Aim: a worm (chance to defeat MR: 60%)
The worm is outlined in light.
There is an open door here.
Unknown command.
You hit the worm.
The worm is lightly wounded.
You hit the worm.
The worm is moderately wounded.
The worm bites you but does no damage.
You hit the worm.
The worm is moderately wounded.
The worm barely misses you.
You hit the worm.
The worm is heavily wounded.
You hit the worm.
The worm is heavily wounded.
The worm bites you!
Ouch! That really hurt!
You die...

## ## ##. .##
.m#.. # .$.
## ##.
#+###.##
#$w.##.##w†.#
#+.<.@##$+
#.w.##.##.###
##. #+###%# #


H#H ### .# #. ## ## You could see a worm.

Vanquished Creatures
  2 worms (D)
2 creatures vanquished.

Vanquished Creatures (others)
  Menkaure (D)
1 creature vanquished.

Grand Total: 3 creatures vanquished

Notes
Turn   | Place    | Note
-------+----------+-------------------------------------------
     0 | D        | Kidiri the Spriggan Enchanter began the quest for the Orb.
     0 | D        | Reached XP level 1. HP: 9/9 MP: 5/5
     1 | D        | Noticed a merfolk siren
     4 | D        | Noticed a tyrant leech
     4 | D        | Noticed a tyrant leech
     7 | D        | Noticed a hippogriff
     7 | D        | Noticed a hippogriff
    19 | D        | Reached skill level 5 in Stealth
    57 | D        | Killed Menkaure
   179 | D        | Slain by a worm

Vault maps used:
D:        the_violet_keep_of_menkaure

Skill      XL: |  1 |
---------------+----+-----
Spellcasting   | 3 |  3.3
Stealth        | 5 |  5.2
Fighting       | |  0.5
Short Blades   | |  1.9
Armour         | |  0.3
Dodging        | |  3.7
Hexes          | |  3.8

Action                   || total
-------------------------++-------
Melee: Dagger            ||     7
 Cast: Corona            ||     1
 Stab: Sleeping          ||     2
Armor: Robe              ||     1
Dodge: Dodged            ||     1

Table legend:
 A = Spawn XP
 B = Non-spawn XP
 C = Spawn XP percentage of total XP
 D = Spawn monster count
 E = Non-spawn monster count
 F = Spawn count percentage of total count
 G = Total turns spent on level
                    A         B        C        D         E        F      G
               +---------+---------+-------+---------+---------+-------+---------
         Total |       0 |      10 |   0.0 |       0 |       2 |   0.0 |   179
               +---------+---------+-------+---------+---------+-------+---------
             D |       0 |      10 |   0.0 |       0 |       2 |   0.0 |   179
               +---------+---------+-------+---------+---------+-------+---------
